 Dungeon Crawl Stone Soup version 0.31-a0-210-gccc998df9b (webtiles) character file.

Game seed: 9539484002422414677

8351 qw the Skirmisher (level 11, -5/71 HPs)
             Began as a Gargoyle Hexslinger on June 29, 2023.
             Was a Believer of Okawaru.
             Slain by a yak (11 damage)
             ... on level 2 of the Lair of Beasts.
             The game lasted 00:04:39 (8795 turns).

qw the Skirmisher (Gargoyle Hexslinger)             Turns: 8795, Time: 00:04:40

Health: -5/71      AC: 21    Str: 11    XL:     11   Next: 29%
Magic:  13/14      EV: 22    Int: 15    God:    Okawaru [**....]
Gold:   444        SH:  0    Dex: 16    Spells: 11/12 levels left

rFire   . . .        Y - +1 orcbow
rCold   . . .        (shield currently unavailable)
rNeg    + . .        b - +0 steam dragon scales
rPois   inf          d - +2 hat
rElec   +            i - +0 cloak
rCorr   .            k - +0 pair of gloves
SInv    +            j - +0 pair of boots
Will    .....        h - amulet of the acrobat
Stlth   +++          m - ring of see invisible
HPRegen 0.31/turn    a - +5 ring of evasion
MPRegen 0.14/turn

%: acrobat
@: about to teleport, heroic
A: sickness immunity, AC +8, negative energy resistance 1, electricity
resistance, torment resistance 1, petrification resistance
a: Renounce Religion, Heroism


You were on level 2 of the Lair of Beasts.
You worshipped Okawaru.
Okawaru was pleased with you.
You visited 3 branches of the dungeon, and saw 11 of its levels.

You collected 468 gold pieces.
You spent 24 gold pieces at shops.


Innate Abilities, Weirdness & Mutations

You are immune to sickness and miasma.
Your stone body is resilient. (AC +8)
You are immune to poison.
You resist negative energy. (rN+)
You are resistant to electric shocks. (rElec)
You are resistant to unholy torment.
You are immune to petrification.


   Skills:
 - Level 9.0(14.0) Fighting
 + Level 13.3(18.3) Ranged Weapons
 - Level 4.2(9.2) Armour
 - Level 4.3(9.3) Dodging
 - Level 1.0 Spellcasting
 - Level 2.6 Hexes
 - Level 4.0 Invocations


You had 11 spell levels left.
You knew the following spells:

 Your Spells              Type           Power      Damage    Failure   Level
a - Slow                  Hex            32%        N/A       9%          1

Your spell library contained the following spells:

 Spells                   Type           Power      Damage    Failure   Level
 Inner Flame              Hex/Fire       4%         N/A       38%         3
 Portal Projectile        Hex/Tloc       8%         N/A       38%         3
 Cause Fear               Hex            4%         N/A       63%         4

Inventory:

Hand Weapons
 Y - a +1 orcbow (weapon)
Armour
 b - +0 steam dragon scales (worn)
 d - a +2 hat (worn)
 i - a +0 cloak (worn)
 j - a +0 pair of boots (worn)
 k - a +0 pair of gloves (worn)
 t - a +1 robe of fire resistance
Jewellery
 a - a +5 ring of evasion (right hand)
 g - a +4 ring of protection
 h - an amulet of the acrobat (around neck)
 m - a ring of see invisible (left hand)
 p - the ring of Henotheism {MP+9 Str+2}
   (You found it on level 2 of the Lair of Beasts)

   [ring of magical power]

   Str:       It affects your strength (+2).
   MP:        It affects your magic capacity (+9).
Scrolls
 c - 2 scrolls of identify
 u - a scroll of vulnerability {unknown}
Potions
 e - a potion of curing
 f - a potion of enlightenment
 l - a potion of mutation
 n - a potion of might {unknown}
 o - a potion of heal wounds {unknown}
 q - a potion of cancellation {unknown}
 r - 2 potions of haste

Dungeon Overview and Level Annotations

Branches:
Dungeon (8/15)             Temple (1/1) D:5            Lair (2/5) D:8
  Swamp: Lair:2-3    Shoals: Lair:2-3     Snake: Lair:2-3    Spider: Lair:2-3

Altars:
Ashenzari
Cheibriados
Dithmenos
Elyvilon
Fedhas
Gozag
Hepliaklqana
Kikubaaqudgha
Makhleb
Nemelex Xobeh
Okawaru
Qazlal
Ru
Sif Muna
Trog
Uskayaw
Wu Jian
Xom
Yredelemnul
Zin
The Shining One

Shops:
D:2 [   D:4 *

Annotations:
D:8 Psyche


Message History

The yak gores you.
The yak gores you but does no damage. x2
You shoot an arrow. The arrow barely misses the yak.
You shoot an arrow.
The arrow hits the yak but does no damage.
The yak is severely wounded.
The yak closely misses you. The yak barely misses you.
The yak closely misses you.
You shoot an arrow. The arrow hits the yak.
The yak is severely wounded.
The yak completely misses you. The yak gores you!
The yak gores you but does no damage.
8787 ||| INVOKING Heroism.
You gain the combat prowess of a mighty hero.
Okawaru will no longer gift you throwing weapons.
The yak closely misses you. The yak gores you! x2
You shoot an arrow. The arrow hits the yak!
The yak is almost dead.
The yak gores you but does no damage. The yak gores you!
The yak completely misses you.
You shoot an arrow. The arrow hits the yak!!
You kill the yak!
Okawaru accepts your kill.
You shoot an arrow. The arrow hits the yak.
The yak is lightly wounded.
The yak closely misses you. The yak barely misses you.
You shoot an arrow. The arrow hits the yak!
The yak is moderately wounded.
The yak completely misses you. The yak gores you.
8792 ||| READING scroll of teleportation.
As you read the scroll of teleportation, it crumbles to dust.
You feel strangely unstable. The yak misses you.
The yak gores you but does no damage.
You shoot an arrow. The arrow completely misses the yak.
The yak gores you! The yak gores you but does no damage.
You shoot an arrow. The arrow barely misses the yak.
You shoot an arrow.
The arrow hits the yak but does no damage.
The yak is moderately wounded.
The yak gores you but does no damage. The yak gores you!
You die...

....#.P# ....# ...#....#
....# ####P.... #...# #
#.....### ##...# ####
#....###....#
...#####>.........#
......##....).....#
.....##....(P#....#
......##....###.@.#
....[.##...[##.YY.......
......##...####.........
......###...# #.!(###...
......###...# ##..# ..
.......##...# ...# .
....#.P##...# ...#
..#....##...# ....
...#.#....#.#


You could see 2 yaks.

Vanquished Creatures
  Amaemon (Lair:2)
  A black mamba (Lair:1)
  2 cane toads
  An orange demon (Lair:2)
  Maggie (D:7)
  A rime drake (Lair:2)
  2 komodo dragons (Lair:1)
  4 blink frogs (Lair:2)
  2 wyverns
  Eustachio (D:4)
  2 basilisks
  14 yaks
  A water moccasin (Lair:1)
  Duvessa (D:7)
  2 orc warriors
  3 ice beasts
  A centaur (D:7)
  A phantom (D:6)
  A bullfrog (D:6)
  Blork the orc (D:4)
  A scorpion (D:3)
  3 wights (D:7)
  Dowan (D:7)
  A howler monkey (D:5)
  6 orc priests
  2 gnoll boudas
  6 hounds
  2 iguanas (D:7)
  4 orc wizards
  8 gnolls
  11 adders
  A shadow imp (D:6)
  A white imp (D:8)
  3 ufetubi
  A worm (D:2)
  4 dart slugs
  15 orcs
  9 ball pythons
  3 endoplasms
  3 giant cockroaches
  4 goblins
  3 hobgoblins
  3 jackals (D:3)
  5 kobolds
  5 quokkas
  8 bats
  9 frilled lizards
  5 rats
170 creatures vanquished.

Notes
Turn   | Place    | Note
-------+----------+-------------------------------------------
     0 | D:1      | qw the Gargoyle Hexslinger began the quest for the Orb.
     0 | D:1      | Reached XP level 1. HP: 12/12 MP: 2/2
     0 | D:1      | 0 ||| qw: Version: 0.3-a-24-ga2abf7b
     0 | D:1      | 0 ||| qw: Game counter: 6888
     0 | D:1      | 0 ||| qw: Melee chars always use a shield: true
     0 | D:1      | 0 ||| qw: God list: Okawaru
     0 | D:1      | 0 ||| qw: Allow faded altars: false
     0 | D:1      | 0 ||| qw: Do Orc after clearing Dungeon:15 true
     0 | D:1      | 0 ||| qw: Do second Lair branch before Depths: true
     0 | D:1      | 0 ||| qw: Lair rune preference: random
     0 | D:1      | 0 ||| qw: Goals: Normal
     0 | D:1      | 0 ||| PLANNING D:1-11
   162 | D:1      | Reached XP level 2. HP: 15/16 MP: 3/3
   282 | D:1      | Reached skill level 3 in Ranged Weapons
   314 | D:1      | 314 ||| FLEEEEING.
   318 | D:1      | 318 ||| FLEEEEING.
   319 | D:1      | 319 ||| FLEEEEING.
   320 | D:1      | 320 ||| FLEEEEING.
   321 | D:1      | 321 ||| FLEEEEING.
   322 | D:1      | 322 ||| FLEEEEING.
   431 | D:1      | Reached XP level 3. HP: 21/21 MP: 4/4
   490 | D:1      | Found a faded altar of an unknown god.
   690 | D:1      | 690 ||| UPGRADING to +0 ring mail.
   700 | D:1      | 700 ||| DROPPING +0 robe.
   701 | D:1      | 701 ||| UPGRADING to +0 pair of gloves.
   706 | D:1      | 706 ||| DROPPING +6 ring of intelligence.
   707 | D:1      | 707 ||| READING scroll labelled MID KUALI OTO.
   712 | D:1      | 712 ||| DRINKING 2 viscous coppery potions.
   713 | D:1      | 713 ||| DROPPING scroll of poison.
   765 | D:2      | Reached skill level 1 in Armour
   949 | D:2      | Reached XP level 4. HP: 26/26 MP: 5/5
  1028 | D:2      | Found Zathroenoe's Armour Emporium.
  1033 | D:2      | 1033 ||| SHOPLISTING +3 leather armour of fire resistance
                  | (288 gold, have 91).
  1219 | D:2      | Reached skill level 4 in Ranged Weapons
  1246 | D:2      | 1246 ||| UPGRADING to amulet of the acrobat.
  1251 | D:2      | 1251 ||| READING 2 scrolls labelled AXKIBB QOCSAU.
  1252 | D:2      | 1252 ||| READING scroll labelled UGGEOPO ESIU.
  1253 | D:2      | 1253 ||| READING scroll labelled FONAUTS JOTZ.
  1368 | D:3      | Noticed a scorpion
  1387 | D:3      | Killed a scorpion
  1388 | D:3      | Reached XP level 5. HP: 23/30 MP: 6/6
  1443 | D:3      | Reached skill level 5 in Ranged Weapons
  1700 | D:3      | 1700 ||| Stepping ~*~*~tactically~*~*~ (outnumbered).
  1702 | D:3      | 1702 ||| Stepping ~*~*~tactically~*~*~ (outnumbered).
  1706 | D:3      | 1706 ||| Stepping ~*~*~tactically~*~*~ (outnumbered).
  1713 | D:3      | 1713 ||| Stepping ~*~*~tactically~*~*~ (outnumbered).
  1722 | D:3      | Reached skill level 3 in Fighting
  1722 | D:3      | Reached XP level 6. HP: 19/37 MP: 7/7
  1868 | D:3      | 1868 ||| UPGRADING to +0 pair of boots.
  1873 | D:3      | 1873 ||| DROPPING scarf of invisibility.
  1917 | D:4      | Noticed Eustachio
  1938 | D:4      | Killed Eustachio
  1939 | D:4      | Reached skill level 6 in Ranged Weapons
  2037 | D:4      | 2037 ||| FLEEEEING.
  2115 | D:4      | Reached XP level 7. HP: 42/42 MP: 8/8
  2153 | D:4      | Found a sacrificial altar of Ru.
  2220 | D:4      | Noticed Blork the orc
  2235 | D:4      | Killed Blork the orc
  2818 | D:4      | Found Enuippiq's General Store.
  2827 | D:4      | 2827 ||| SHOPLISTING amulet "Kimuibam" {Faith rC+} (648
                  | gold, have 145).
  2827 | D:4      | 2827 ||| BUYING scroll of identify (24 gold).
  2827 | D:4      | Bought a scroll of identify for 24 gold pieces
  2827 | D:4      | 2827 ||| UPGRADING to ring of see invisible.
  2828 | D:4      | 2828 ||| READING scroll labelled YKHLEX ISHA.
  2829 | D:4      | 2829 ||| DRINKING 3 green potions.
  2830 | D:4      | 2830 ||| DRINKING 2 golden potions.
  2831 | D:4      | 2831 ||| READING 2 scrolls of identify.
  2831 | D:4      | 2831 ||| IDENTIFYING lumpy orange potion
  2832 | D:4      | 2832 ||| DROPPING 2 potions of invisibility.
  2833 | D:4      | 2833 ||| DROPPING potion of attraction.
  2834 | D:4      | 2834 ||| DROPPING potion of degeneration.
  2866 | D:5      | Entered Level 5 of the Dungeon
  2918 | D:5      | HP: 9/44 [hound (4)]
  3155 | D:5      | Found a staircase to the Ecumenical Temple.
  3156 | D:5      | 3156 ||| PLANNING TEMPLE
  3156 | D:5      | 3156 ||| UPGRADING to +5 ring of evasion.
  3157 | D:5      | 3157 ||| DROPPING ring of see invisible.
  3158 | D:5      | 3158 ||| READING scroll labelled LOHAPS JIOLITH.
  3167 | Temple   | Entered the Ecumenical Temple
  3312 | Temple   | 3312 ||| PLANNING OKAWARU WORSHIP
  3341 | Temple   | Became a worshipper of Warmaster Okawaru
  3342 | Temple   | 3342 ||| PLANNING D:1-11
  3866 | D:5      | Reached skill level 7 in Ranged Weapons
  3985 | D:5      | 3985 ||| READING scroll labelled JIATZE ITTI.
  3986 | D:5      | 3986 ||| DRINKING 2 fuming white potions.
  3987 | D:5      | 3987 ||| READING 2 scrolls of identify.
  3987 | D:5      | 3987 ||| IDENTIFYING red potion
  4035 | D:6      | 4035 ||| DRINKING 2 potions of curing.
  4035 | D:6      | 4035 ||| (to cure confusion)
  4169 | D:6      | Reached XP level 8. HP: 48/48 MP: 9/9
  4286 | D:6      | HP: 11/48 [orc warrior/+0 short sword (7)]
  4287 | D:6      | 4287 ||| READING scroll of teleportation.
  4441 | D:6      | Reached skill level 8 in Ranged Weapons
  4535 | D:6      | Noticed a wyvern
  4547 | D:6      | Killed a wyvern
  4547 | D:6      | Reached * piety under Okawaru
  4548 | D:6      | 4548 ||| INVOKING Heroism.
  4622 | D:6      | Reached skill level 1 in Invocations
  4634 | D:6      | 4634 ||| INVOKING Heroism.
  5025 | D:6      | 5025 ||| READING scroll labelled CONKAB BEMIH.
  5026 | D:6      | 5026 ||| READING scroll labelled NUNLOI QOASU.
  5027 | D:6      | 5027 ||| READING 2 scrolls of identify.
  5027 | D:6      | 5027 ||| IDENTIFYING metallic orange potion
  5028 | D:6      | 5028 ||| DROPPING potion of brilliance.
  5068 | D:7      | 5068 ||| STAIRDANCE
  5099 | D:7      | 5099 ||| STAIRDANCE
  5141 | D:7      | Noticed Maggie
  5153 | D:7      | 5153 ||| INVOKING Heroism.
  5156 | D:7      | Killed Maggie
  5157 | D:7      | Reached skill level 9 in Ranged Weapons
  5157 | D:7      | Reached XP level 9. HP: 32/54 MP: 8/11
  5248 | D:7      | Reached skill level 3 in Invocations
  5433 | D:7      | Noticed Dowan
  5435 | D:7      | 5435 ||| INVOKING Heroism.
  5435 | D:7      | Noticed Duvessa
  5444 | D:7      | Killed Dowan
  5449 | D:7      | Killed Duvessa
  5450 | D:7      | Reached skill level 6 in Fighting
  5538 | D:7      | 5538 ||| INVOKING Heroism.
  5643 | D:7      | 5643 ||| FLEEEEING.
  5644 | D:7      | 5644 ||| SWAPPING to +0 orcbow.
  5647 | D:7      | 5647 ||| FLEEEEING.
  5648 | D:7      | 5648 ||| FLEEEEING.
  5649 | D:7      | 5649 ||| FLEEEEING.
  5650 | D:7      | 5650 ||| FLEEEEING.
  5651 | D:7      | 5651 ||| INVOKING Heroism.
  5670 | D:7      | Reached skill level 10 in Ranged Weapons
  5678 | D:7      | Reached skill level 3 in Armour
  5760 | D:7      | 5760 ||| DROPPING +2 heavy sling.
  6120 | D:7      | 6120 ||| INVOKING Heroism.
  6160 | D:7      | 6160 ||| INVOKING Heroism.
  6328 | D:7      | 6328 ||| UPGRADING to +0 steam dragon scales.
  6338 | D:7      | 6338 ||| DROPPING +0 ring mail.
  6339 | D:7      | 6339 ||| READING scroll labelled VOYFUTT UVUREY.
  6340 | D:7      | 6340 ||| DRINKING 2 fizzy ruby potions.
  6385 | D:7      | 6385 ||| READING 3 scrolls of identify.
  6385 | D:7      | 6385 ||| IDENTIFYING purple potion
  6386 | D:7      | 6386 ||| READING 2 scrolls of identify.
  6386 | D:7      | 6386 ||| IDENTIFYING fizzy silvery potion
  6387 | D:7      | 6387 ||| DROPPING potion of berserk rage.
  6388 | D:7      | 6388 ||| DROPPING potion of lignification.
  6554 | D:8      | 6554 ||| INVOKING Heroism.
  6555 | D:8      | 6555 ||| Stepping ~*~*~tactically~*~*~ (outnumbered).
  6569 | D:8      | Reached skill level 3 in Dodging
  6656 | D:8      | Found a staircase to the Lair.
  6932 | D:8      | Found a snail-covered altar of Cheibriados.
  6932 | D:8      | Found an ornate altar of the Wu Jian Council.
  7084 | D:8      | Noticed Psyche
  7085 | D:8      | 7085 ||| INVOKING Heroism.
  7095 | D:8      | 7095 ||| Stepping randomly (disturbance).
  7096 | D:8      | 7096 ||| READING 2 scrolls of teleportation.
  7097 | D:8      | 7097 ||| UPGRADING to +2 hat.
  7097 | D:8      | 7097 ||| PLANNING LAIR
  7133 | D:8      | 7133 ||| UPGRADING to +2 hat.
  7152 | Lair:1   | Entered Level 1 of the Lair of Beasts
  7199 | Lair:1   | Noticed a komodo dragon
  7200 | Lair:1   | 7200 ||| INVOKING Heroism.
  7213 | Lair:1   | Killed a komodo dragon
  7375 | Lair:1   | 7375 ||| INVOKING Heroism.
  7389 | Lair:1   | Reached XP level 10. HP: 38/63 MP: 11/13
  7398 | Lair:1   | Reached skill level 11 in Ranged Weapons
  7515 | Lair:1   | Noticed a black mamba
  7516 | Lair:1   | 7516 ||| INVOKING Heroism.
  7519 | Lair:1   | 7519 ||| PLANNING LAIR
  7533 | Lair:1   | Killed a black mamba
  7583 | Lair:1   | Noticed a cane toad
  7584 | Lair:1   | 7584 ||| INVOKING Heroism.
  7598 | Lair:1   | Killed a cane toad
  7668 | Lair:1   | 7668 ||| READING scroll of enchant weapon.
  7668 | Lair:1   | 7668 ||| ENCHANTING +0 orcbow.
  7914 | Lair:1   | 7914 ||| INVOKING Heroism.
  7936 | Lair:1   | Reached ** piety under Okawaru
  8247 | Lair:1   | 8247 ||| UPGRADING to +0 cloak.
  8267 | Lair:2   | 8267 ||| INVOKING Heroism.
  8273 | Lair:2   | Reached skill level 12 in Ranged Weapons
  8275 | Lair:2   | Noticed a skyshark
  8286 | Lair:2   | HP: 15/64 [skyshark (4)]
  8287 | Lair:2   | 8287 ||| READING scroll of teleportation.
  8292 | Lair:2   | HP: 15/64 [blink frog (2)]
  8296 | Lair:2   | 8296 ||| INVOKING Heroism.
  8330 | Lair:2   | 8330 ||| INVOKING Heroism.
  8390 | Lair:2   | 8390 ||| INVOKING Heroism.
  8415 | Lair:2   | 8415 ||| INVOKING Heroism.
  8524 | Lair:2   | Noticed a cane toad
  8525 | Lair:2   | 8525 ||| INVOKING Heroism.
  8535 | Lair:2   | Killed a cane toad
  8570 | Lair:2   | Identified the ring of Henotheism {MP+9 Str+2}
  8602 | Lair:2   | Reached XP level 11. HP: 68/68 MP: 14/14
  8646 | Lair:2   | Noticed Amaemon
  8647 | Lair:2   | 8647 ||| INVOKING Heroism.
  8648 | Lair:2   | 8648 ||| Stepping ~*~*~tactically~*~*~ (outnumbered).
  8670 | Lair:2   | Killed Amaemon
  8671 | Lair:2   | Reached skill level 13 in Ranged Weapons
  8677 | Lair:2   | Reached *** piety under Okawaru
  8677 | Lair:2   | Received a gift from Okawaru
  8774 | Lair:2   | Reached skill level 9 in Fighting
  8787 | Lair:2   | 8787 ||| INVOKING Heroism.
  8791 | Lair:2   | HP: 15/71 [yak (5)]
  8792 | Lair:2   | 8792 ||| READING scroll of teleportation.
  8793 | Lair:2   | HP: 5/71 [yak (10)]
  8795 | Lair:2   | Slain by a yak

Levels and vault maps discovered:
D:1:      co_arrival_square_in_a_square_in_a_square, layout_basic,
          hellmonk_ecumenical_altar_inner_sanctum, minmay_misc_feat_doors
D:2:      layout_rooms, serial_shops, nicolae_shop_just_a_little_nook
D:3:      layout_rooms
D:4:      layout_basic, mainiacjoe_overflow_paths, serial_shops,
          nicolae_lakefront_shop, uniq_eustachio, uniq_blork_the_orc
D:5:      layout_basic, minmay_temple_entry_poolview, minmay_misc_feat_columns,
          kennysheep_boxes
D:6:      layout_basic, item_on_display_a
D:7:      layout_basic, uniq_maggie, uniq_duvessa
D:8:      layout_basic, gammafunk_temple_overflow_wave, lair_entry_dummy,
          uniq_psyche
Temple:   eino_narrow_crystal_temple
Lair:1:   layout_loops_ring, serial_bayou_shore_b
Lair:2:   beargit_carnivore_pack, layout_concentric_octagons,
          dummy_spider_entry, uniq_amaemon

Skill      XL: |  1  2  3  4  5  6  7  8  9 10 11 |
---------------+----------------------------------+-----
Ranged Weapons | 3 4 5 6 7 9 10 12 13 | 13.3
Fighting       | 2 3 4 5 7 8 9 |  9.0
Armour         | 1 2 3 4 |  4.2
Invocations    | 2 4 |  4.0
Dodging        | 3 4 |  4.3
Spellcasting   | |  1.0
Hexes          | |  2.6

Action                     |  1- 3 |  4- 6 |  7- 9 | 10-12 || total
---------------------------+-------+-------+-------+-------++-------
   Fire: Sling             |   136 |   171 |   312 |       ||   619
         Orcbow            |       |       |   127 |   241 ||   368
 Invoke: Heroism           |       |       |    12 |    11 ||    23
    Use: Scroll            |     1 |     3 |    13 |     3 ||    20
         Potion            |     1 |       |     5 |       ||     6
 Armour: Robe              |    14 |       |       |       ||    14
         Ring mail         |    32 |    85 |   126 |       ||   243
         Steam dragon scal |       |       |    13 |    56 ||    69
  Dodge: Dodged            |    53 |    71 |   294 |   168 ||   586

Table legend:
 A = Non-vault XP
 B = Vault XP
 C = Vault XP percentage of total XP
 D = Non-vault monster count
 E = Vault monster count
 F = Vault count percentage of total count
                 A         B        C        D         E       F
            +---------+---------+-------+---------+---------+-------
      Total |    9837 |    2093 |  17.5 |     163 |       7 |   4.1
            +---------+---------+-------+---------+---------+-------
        D:1 |      36 |       0 |   0.0 |      21 |       0 |   0.0
        D:2 |      84 |       0 |   0.0 |      20 |       0 |   0.0
        D:3 |     260 |       0 |   0.0 |      29 |       0 |   0.0
        D:4 |      52 |     286 |  84.6 |       8 |       2 |  20.0
        D:5 |     233 |       0 |   0.0 |       8 |       0 |   0.0
        D:6 |    1047 |       0 |   0.0 |      21 |       0 |   0.0
        D:7 |     926 |     611 |  39.8 |      20 |       3 |  13.0
        D:8 |     322 |       0 |   0.0 |       9 |       0 |   0.0
     Lair:1 |    2728 |       0 |   0.0 |      10 |       0 |   0.0
     Lair:2 |    4149 |    1196 |  22.4 |      17 |       2 |  10.5
            +---------+---------+-------+---------+---------+-------
